cohdb
Replays
Latest Replays
All Replays
Popular Replays
Top Player Replays
Match Explorer
How It Works
Community
CoH3 Stats
Reddit
Sign in to upload your games and track your stats! →
Sign in with Steam
Match 41020779
Unlisted
Match 41020779
Overview
Messages
Build Orders
End
Construct Infanterie Kompanie
Kettenkrad Recon Vehicle
MG 42 Machine Gun Team
Grenadier Squad
Selects Breakthrough Battlegroup
Selects Assault Grenadiers
Grenadier Squad
Construct Panzergrenadier Kompanie
251 Medium Carrier
Selects 2.5-tonne Cargo Truck
2.5-tonne Cargo Truck
Support Elements
Kettenkrad Recon Vehicle
Nebelwerfer 42 Rocket Launcher Team
Pak 40 Anti-tank Gun Team
Pioneer Squad
Construct Panzer Kompanie
Panzer IV Medium Tank
SeppAllerberger
Cpt_Wolff
tosken
Bran
DrewP
Dillbro
0
0
Comments
sign in to comment!
No comments posted yet!